 Dungeon Crawl Stone Soup version 0.21.1-1-g345015f (webtiles) character file.

1557 Verr the Cleaver (level 8, -8/78 HPs)
             Began as a Hill Orc Monk on Mar 3, 2018.
             Was a Priest of Beogh.
             Mangled by a hornet (9 damage)
             ... on level 7 of the Dungeon.
             The game lasted 00:36:16 (9464 turns).

Verr the Cleaver (Hill Orc Monk)                    Turns: 9464, Time: 00:36:16

Health: -8/78      AC: 13    Str: 16    XL:     8   Next: 88%
Magic:  8/8        EV:  8    Int: 10    God:    Beogh [***...]
Gold:   178        SH:  0    Dex: 13    Spells: 7/7 levels left

rFire    . . .     SeeInvis .   a - +0 hand axe
rCold    . . .     Gourm    .   (no shield)
rNeg     . . .     Faith    .   C - +0 chain mail
rPois    .         Spirit   .   (no helmet)
rElec    .         Reflect  .   (no cloak)
rCorr    .         Harm     .   (no gloves)
MR       .....                  r - +2 pair of boots
Stlth    ..........             (no amulet)
HPRegen  0.23/turn              h - ring of stealth
MPRegen  0.11/turn              (no ring)

@: lethally poisoned (-8 -> -13), slowed, very slow
A: no striking features
a: Smiting, Renounce Religion


You were on level 7 of the Dungeon.
You worshipped Beogh.
Beogh was most pleased with you.
You were not hungry.

You visited 1 branch of the dungeon, and saw 7 of its levels.
You also visited: Sewer.

You collected 178 gold pieces.

Inventory:

Hand Weapons
 a - a +0 hand axe (weapon)
 m - a +1 dagger of venom
 o - a +0 arbalest
 A - a +0 short sword
Missiles
 g - 79 stones (quivered)
Armour
 r - a +2 pair of boots (worn)
 C - a +0 chain mail (worn)
Jewellery
 h - a ring of stealth (left hand)
 v - an uncursed ring of ice
 y - an uncursed ring of protection from fire {unknown}
Wands
 x - a wand of flame (11)
 D - a wand of digging (19)
Scrolls
 b - a scroll of random uselessness {unknown}
 e - 4 scrolls of remove curse
 i - a scroll of fear
 j - 3 scrolls of enchant weapon
 k - 2 scrolls of teleportation {unknown}
 n - 4 scrolls of magic mapping
 p - 3 scrolls of blinking {unknown}
 s - 3 scrolls of identify
 u - a scroll of fog
 E - 2 scrolls of amnesia {unknown}
Potions
 d - 5 potions of brilliance {unknown}
 f - 3 potions of magic
 l - 3 potions of might {unknown}
 q - 2 potions of agility
 t - a potion of mutation {unknown}
 w - a potion of heal wounds
 B - a potion of cancellation {unknown}
 G - a potion of lignification {unknown}
Comestibles
 c - 8 rations
 F - 3 chunks of flesh


   Skills:
 * Level 9.0 Fighting
 * Level 9.8 Axes
 + Level 5.0 Armour
 - Level 2.4 Dodging
 - Level 1.6 Stealth


You had 7 spell levels left.
You didn't know any spells.

Dungeon Overview and Level Annotations

Branches:
Dungeon (7/15)             Temple (0/1) D:7

Altars:
Kikubaaqudgha
Nemelex Xobeh
Trog
Uskayaw
Vehumet

Annotations:
D:5 inc's ghost, novice FeIE


Message History

You are lethally poisoned!
You feel as though you will be slow longer.
The hornet stings you.
You feel as though you will be slow longer.
* * * LOW HITPOINT WARNING * * *
You feel very sick. The hornet stings you!
* * * LOW HITPOINT WARNING * * *
You shrug off the repeated paralysis!
You can move again.
Okay, then.
You feel better. The hornet stings you!
* * * LOW HITPOINT WARNING * * *
You feel as though you will be slow longer.
The hornet stings you!
* * * LOW HITPOINT WARNING * * *
You are lethally poisoned!
You feel as though you will be slow longer.
The hornet stings you!
You die...

** **************##
*,,,,,,,,,,,,,.# ****
*,************.# *,,* *,* *.#
**,***,* *.# *,,,,,* *.#
**,***** ####.# ,,,,,,,* #.y<.#
*,,,,,,* ******#@#..#***
*,,,,,,**#.............#
*≈,,,≈,*,#.######..###.#
*,,,,,**,,,,,,,,....#*,#
**,≈,,*,*******##..##*,********
,*,,,,*,* #...,,,,,,,,,,*
***,,,*,* #....,,******,*
*,,≈*,* *....#** *,* ***,,,*,*
*,*,** *,*


You could see a hornet.

Vanquished Creatures
  Menkaure (D:5)
  A water moccasin (D:6)
  A sky beast (D:6)
  An ogre (D:6)
  A phantom (D:4)
  2 centaurs
  2 bullfrogs (Sewer)
  2 water moccasin skeletons
  2 scorpions
  A crimson imp (D:4)
  A hound (D:6)
  A bullfrog skeleton (D:5)
  3 worker ants (D:4)
  Natasha (thrice) (D:3)
  An orc wizard (D:4)
  A killer bee zombie (D:5)
  13 adders
  3 river rats (Sewer)
  2 shadow imps (D:6)
  4 oozes
  2 adder skeletons (D:4)
  4 worms
  3 dart slugs
  8 leopard geckos
  2 orcs
  7 giant cockroaches
  4 goblins (D:1)
  9 hobgoblins
  2 jackals (D:2)
  5 quokkas
  11 ball pythons
  11 bats
  9 frilled lizards
  5 kobolds
  A leopard gecko zombie (D:6)
  2 quokka skeletons
  A quokka zombie (D:6)
  35 rats
167 creatures vanquished.

Notes
Turn   | Place    | Note
-------+----------+-------------------------------------------
     0 | D:1      | Verr the Hill Orc Monk began the quest for the Orb.
     0 | D:1      | Reached XP level 1. HP: 19/19 MP: 1/1
   270 | D:1      | Reached XP level 2. HP: 27/27 MP: 2/2
   846 | D:1      | Reached XP level 3. HP: 28/33 MP: 3/3
   881 | D:1      | Reached skill level 1 in Armour
  1627 | D:2      | Reached skill level 5 in Axes
  1627 | D:2      | Reached XP level 4. HP: 41/41 MP: 4/4
  2570 | D:3      | HP: 2/41 [adder (5)]
  2571 | D:3      | Reached skill level 5 in Fighting
  2823 | D:3      | Noticed Natasha
  2947 | D:3      | Reached XP level 5. HP: 48/48 MP: 5/5
  3009 | D:3      | Found a faded altar of an unknown god.
  3816 | D:4      | Noticed a phantom
  3909 | D:4      | Killed a phantom
  3909 | D:4      | Reached XP level 6. HP: 39/57 MP: 6/6
  4033 | D:4      | Found a radiant altar of Vehumet.
  4036 | D:4      | Found a bloodstained altar of Trog.
  4593 | D:4      | Became a worshipper of Beogh the Brigand
  4593 | D:4      | Reached * piety under Beogh
  4593 | D:4      | Reached ** piety under Beogh
  4990 | D:4      | Found a sparkling altar of Nemelex Xobeh.
  5024 | D:4      | Reached XP level 7. HP: 58/64 MP: 7/7
  5762 | D:3      | Killed Natasha
  5966 | D:3      | Found a faded altar of an unknown god.
  5968 | D:3      | Noticed Natasha
  5978 | D:3      | Killed Natasha
  6010 | D:3      | Noticed Natasha
  6022 | D:3      | Killed Natasha
  6073 | D:5      | Entered Level 5 of the Dungeon
  6100 | D:5      | Found a glowing drain.
  6120 | Sewer    | Entered a sewer
  6566 | Sewer    | Reached *** piety under Beogh
  7105 | D:5      | Reached XP level 8. HP: 70/73 MP: 8/8
  7157 | D:5      | Noticed Menkaure
  7168 | D:5      | Killed Menkaure
  7220 | D:5      | Noticed inc's ghost (novice FeIE)
  8445 | D:6      | Found a hide-covered altar of Uskayaw.
  8606 | D:6      | Found an ancient bone altar of Kikubaaqudgha.
  9026 | D:6      | Reached skill level 5 in Armour
  9450 | D:7      | Noticed a hornet
  9461 | D:7      | Paralysed by a hornet for 3 turns
  9464 | D:7      | HP: 1/78 [hornet (12)]
  9464 | D:7      | Mangled by a hornet

Skill      XL: |  1  2  3  4  5  6  7  8 |
---------------+-------------------------+-----
Fighting       | 4 5 6 7 9 |  9.0
Armour         | 1 2 3 5 |  5.0
Axes           | 5 6 7 8 9 |  9.8
Dodging        | |  2.4
Stealth        | |  1.6

Action                   |  1- 3 |  4- 6 |  7- 9 || total
-------------------------+-------+-------+-------++-------
Melee: Hand axe          |   145 |   275 |   496 ||   916
Throw: Stone             |    33 |    16 |     3 ||    52
Invok: Convert to Beogh  |       |     1 |       ||     1
Evoke: Wand              |       |       |     1 ||     1
  Use: Potion            |     3 |     4 |     4 ||    11
       Scroll            |     2 |     3 |     7 ||    12
 Stab: Sleeping          |     2 |     6 |       ||     8
  Eat: Chunk             |     2 |     5 |     4 ||    11
       Ration            |       |     2 |     3 ||     5
Armor: Robe              |    30 |       |       ||    30
       Leather armour    |       |    62 |     1 ||    63
       Chain mail        |       |       |   329 ||   329
Dodge: Dodged            |   139 |   163 |   183 ||   485
